 Dungeon Crawl Stone Soup version 0.13.0-7-g3df9ff1 (webtiles) character file.

407621 Lilouch the Slayer (level 23, -21/168 HPs)
             Began as a Gargoyle Fighter on Oct 13, 2013.
             Was a High Priest of Okawaru.
             Killed from afar by a fire giant (32 damage)
             ... with a bolt of fire
             ... on Level 23 of the Dungeon on Oct 16, 2013.
             The game lasted 16:32:52 (92807 turns).

Lilouch the Slayer (Gargoyle Fighter)              Turns: 92807, Time: 16:32:52

HP -21/168       AC 65     Str 32      XL: 23   Next: 37%
MP  21/22        EV 12     Int 13      God: Okawaru [*****.]
Gold 3235        SH 52     Dex 15      Spells:  3 memorised, 16 levels left

Res.Fire  : . . .   See Invis. : .   H - +3,+5 demon whip (venom)
Res.Cold  : + . .   Warding    : .   f - +10 plate armour of Dawn {Str+1 Dex+4}
Life Prot.: + . .   Conserve   : .   l - +1 large shield
Res.Poison: +       Res.Corr.  : .   (helmet restricted)
Res.Elec. : +       Clarity    : +   U - +0 cloak
Sust.Abil.: . .     Spirit.Shd : .   s - +1 pair of gauntlets {Str+3}
Res.Mut.  : .       Stasis     : .   P - +1 pair of elf boots
Res.Rott. : +       Flight     : +   X - amulet of the gourmand
Gourmand  : +                        g - +6 ring of protection
                                     C - +4 ring of evasion

@: flying, heroism, quite resistant to hostile enchantments, extremely
unstealthy
A: large and strong wings, fangs 1, horns 1, talons 2, blurry vision 1, clarity,
cold resistance 1, -10% mp, life protection 1, electricity resistance, slow
metabolism 2, spit poison 1, unbreathing, petrification resistance, AC +18, Int
+2, Dex +2
a: Spit Poison, Stop Flying, Heroism, Finesse, Renounce Religion
}: 2/15 runes: barnacled, gossamer


You were on level 23 of the Dungeon.
You worshipped Okawaru.
Okawaru was extremely pleased with you.
You were very full.

You visited 10 branches of the dungeon, and saw 56 of its levels.
You visited the Abyss 2 times.
You also visited: Ossuary, Ice Cave and Wizlab.

You collected 5511 gold pieces.
You spent 2296 gold pieces at shops.

Inventory:

Hand weapons
 d - a +5,+0 eveningstar of draining
 i - a +1,+0 dwarven morningstar of protection
 j - a +0 blowgun
 y - a +2,+5 dwarven flail of holy wrath
 H - a +3,+5 demon whip of venom (weapon)
 I - the +9,+7 flail "Wueveahi" {crush, rElec SInv}
   (You took it off a deep elf conjurer on level 1 of the Elven Halls)

   It inflicts extra damage upon your enemies.
   It insulates you from electricity.
   It enhances your eyesight.
Missiles
 t - 3 needles of sleeping
 G - 101 poisoned needles
 R - 21 curare-tipped needles
Armour
 c - a +1 shield
 f - the +10 plate armour of Dawn (worn) {Str+1 Dex+4}
   (You found it on level 1 of the Elven Halls)

   It affects your strength (+1).
   It affects your dexterity (+4).
 l - a +1 large shield (worn)
 s - a +1 pair of gauntlets of strength (worn)
 P - a +1 pair of elven boots (worn)
 U - a +0 cloak (worn)
Magical devices
 a - a wand of digging (14)
 b - a wand of cold (0)
 h - a wand of lightning (6)
 w - a wand of invisibility (5)
 E - a wand of disintegration (11)
 V - a wand of fire (10)
Comestibles
 k - a meat ration
 A - a bread ration
Scrolls
 e - 3 scrolls of teleportation
 p - 3 scrolls of fear
 v - a scroll of identify
 z - a scroll of remove curse
 B - a scroll of immolation
 J - 3 scrolls of blinking
 Y - 8 scrolls of fog
 Z - 2 scrolls of silence
Jewellery
 g - a +6 ring of protection (right hand)
 m - an uncursed amulet of clarity
 o - an uncursed ring of see invisible
 q - an uncursed amulet of resist corrosion
 r - an uncursed amulet of conservation
 C - a +4 ring of evasion (left hand)
 D - an uncursed ring of ice
 L - an uncursed ring of protection from magic
 X - an amulet of the gourmand (around neck)
Potions
 x - 4 potions of speed
Miscellaneous
 n - a plain deck of escape {the Warp}


   Skills:
 * Level 25.2(27) Fighting
   Level 4.4(9.4) Short Blades
 - Level 16.9(21.9) Maces & Flails
 + Level 23.0(27) Armour
 - Level 4.8(9.8) Stealth
 + Level 15.8(20.8) Shields
 + Level 2.8 Invocations


You had 16 spell levels left.
You knew the following spells:

 Your Spells              Type           Power        Failure   Level  Hunger
a - Regeneration          Chrm/Necr      #.........   100%        3    ####...
b - Animate Skeleton      Necr           N/A          95%         1    ##.....
c - Stoneskin             Trmt/Erth      #.........   99%         2    ###....


Dungeon Overview and Level Annotations

Branches:
Dungeon (23/27)            Temple (1/1) D:6             Orc (4/4) D:9
    Elf (3/3) Orc:4          Lair (8/8) D:8          Shoals (5/5) Lair:6
 Spider (5/5) Lair:3        Slime (0/6) Lair:7       Vaults (5/5) D:19
  Blade (1/1) Vaults:4      Crypt (1/5) Vaults:2

Altars:
Ashenzari
Cheibriados
Elyvilon
Fedhas
Kikubaaqudgha
Makhleb
Nemelex Xobeh
Okawaru
Sif Muna
Trog
Vehumet
Xom
Yredelemnul
Zin
the Shining One
Beogh
Jiyva

Shops:
D:5 (*+}?   D:13 %   D:17 [   D:21 +   Orc:3 [   Orc:4 ([*=   Elf:3 }*?*
Shoals:2 !   Vaults:4 ?

Portals:
Hell: D:21 D:22 D:23
Abyss: D:22
Pandemonium: D:22 D:23
Ziggurat: D:10 (2610 gp)

Annotations:
D:14 exclusion: Roxanne, Roxanne
Shoals:5 exclusion: 2 oklob plants


Innate Abilities, Weirdness & Mutations

You are resistant to torment.
You are immune to poison.
You can fly continuously.
Your stone body is very resilient (AC +17).
Your wings are large and strong.
You have very sharp teeth.
You have razor-sharp toenails.
You resist negative energy.
You are resistant to electric shocks.
You need consume almost no food.
You can survive without breathing.
You are immune to petrification.
You have a pair of small horns on your head.
You are partially covered in icy blue scales (AC +1).
You are agile. (Dex +2)
Your vision is a little blurry.
You possess an exceptional clarity of mind.
Your mind is acute. (Int +2)
Your flesh is cold resistant.
Your magical capacity is low (-10% MP).
You can spit poison.


Message History

* * * LOW HITPOINT WARNING * * *
The bolt of lightning hits you! You resist.
* * * LOW HITPOINT WARNING * * *
The bolt of lightning hits the titan.
A fire giant comes into view.
It is wielding a great sword of flaming.
Read which item? (? for menu, Esc to quit)
The writing blurs in front of your eyes.
The titan casts a spell at you. The bolt of lightning hits you! You resist.
* * * LOW HITPOINT WARNING * * *
The bolt of lightning hits you! You resist.
* * * LOW HITPOINT WARNING * * *
The bolt of lightning hits the titan.
Drink which item? (? for menu, Esc to quit)
Okay, then.
The fire giant points at you and mumbles some strange words.
The bolt of fire hits you!
* * * LOW HITPOINT WARNING * * *
The bolt of fire hits you!
You die...

#.# #..........
#.# #..#######.
#.# #..# #)# #..#
#.# #..# #.# #..#
.# ## #.# #..#
### .# #. ##.#
#..#
##########.###..#
#. #..# #..#
#..@.....'...#..#
#. #.## ...
#.#§##§#####.#..#
#( #.#
#C#C##C#(=#.....#
#. #.#
#.######?$##..Z##
#( #.# #####C#
#+# #.### #. #.#
#...#C# #.# #<
#.# #...#.' #.#
#( #.# #...###
#.# #. #%# ##...#
#.# #)


You could see a fire giant.

Vanquished Creatures
  Saint Roka (D:22)
  Norris (Spider:4)
  Mara (D:19)
  Xtahua (D:20)
  A bone dragon (Abyss:1)
  Arachne (Spider:2)
  A Hell Sentinel (Abyss:1)
  A Cloud Mage (WizLab)
  A deep elf blademaster (Elf:3)
  2 krakens
  A player illusion (D:18)
  Rupert (Shoals:4)
  Agnes (D:14)
  Frances (Elf:2)
  Kirke (D:15)
  Ilsuiw (Shoals:5)
  4 vault wardens
  3 frost giants
  Wiglaf (Shoals:4)
  A tentacled starspawn (Abyss:1)
  Maud (D:16)
  5 deep elf sorcerers
  An orc warlord (Orc:3)
  3 ghost moths
  2 fire giants (D:23)
  Aizul (Vaults:4)
  2 emperor scorpions (Spider:5)
  A balrug (D:21)
  Jorgrun (D:17)
  The ghost of Zifmia the Impaler, a powerful MfSk of Makhleb (Orc:4)
  8 stone giants
  A grey draconian (Abyss:1)
  4 deep elf annihilators
  A green death (Abyss:1)
  Azrael (D:15)
  2 blizzard demons
  4 deep elf demonologists
  5 dire elephants (Lair:8)
  A yellow draconian (Abyss:1)
  4 merfolk javelineers
  5 merfolk impalers
  Snorg (Spider:1)
  A deep elf death mage (Elf:3)
  14 vault guards
  A minotaur (shapeshifter) (Vaults:2)
  5 sirens
  8 yaktaur captains
  2 dragons
  A great orb of eyes (D:21)
  25 dancing weapons
  3 deep elf high priests
  3 ironheart preservers
  5 merfolk aquamancers
  13 hydras
  Harold (Lair:2)
  Josephine (D:12)
  3 ice dragons
  Nessos (D:11)
  Erica (D:11)
  3 ravenous feature mimics
  A ravenous item mimic (Spider:5)
  7 death yaks
  2 deep troll shamans (D:23)
  2 alligator snapping turtles
  An anaconda (Lair:8)
  2 rakshasas
  8 ogre magi
  A hell hog (Abyss:1)
  18 centaur warriors
  8 very ugly things
  3 wretched stars (Abyss:1)
  5 orc high priests
  A thrashing horror (Blade)
  A spectral elf (Elf:3)
  Urug (D:14)
  Nergalle (D:13)
  4 sun demons
  A fire crab (D:18)
  6 unseen horrors
  7 deep trolls
  A fire crab (shapeshifter) (Vaults:2)
  5 ice devils
  14 skeletal warriors
  16 deep elf knights
  A wizard (D:17)
  2 soul eaters
  12 sea snakes
  2 iron trolls
  12 hill giants
  21 orc knights
  3 flayed ghosts
  A giant amoeba (D:18)
  31 harpies
  16 deep elf conjurers
  8 crystal golems (D:20)
  2 elves (shapeshifter)
  7 large abominations (Abyss:1)
  Joseph (D:9)
  An oklob plant (Shoals:1)
  6 ironbrand convokers
  A red wasp (shapeshifter) (Vaults:4)
  A harpy (shapeshifter) (D:19)
  10 orc sorcerers
  4 red wasps
  8 stone giant zombies
  A lindwurm (shapeshifter) (Vaults:1)
  A fire giant zombie (D:20)
  A sphinx skeleton (D:18)
  29 wolf spiders
  11 griffons
  15 cyclopes
  5 black mambas
  10 elephants
  2 moths of wrath
  11 spiny worms
  2 fire giant skeletons
  Maurice (D:10)
  4 sixfirhies
  2 guardian serpents (shapeshifter)
  6 deep elf summoners
  5 stone giant skeletons
  2 frost giant skeletons
  5 smoke demons
  9 vapours (WizLab)
  7 spiny frogs
  A feature mimic (Lair:5)
  4 orange demons
  Psyche (D:13)
  6 vault sentinels
  A queen ant (Spider:4)
  A green draconian zombie (Abyss:1)
  19 yaktaurs
  An efreet (Abyss:1)
  2 iron troll zombies
  A moth of suppression (Spider:3)
  19 mermaids
  7 deep elf priests
  4 fire drakes
  2 iron devils
  A fire drake (shapeshifter) (D:19)
  A human zombie (Vaults:3)
  A red devil (Elf:2)
  4 small abominations
  A yaktaur (shapeshifter) (Vaults:3)
  13 orb spiders
  3 hellwings
  14 komodo dragons
  2 wandering mushrooms
  19 demonic crawlers
  13 polar bears
  A jumping spider (shapeshifter) (Vaults:3)
  A queen bee (shapeshifter) (Vaults:3)
  2 blue devils
  A spriggan (shapeshifter) (D:22)
  3 iron troll skeletons
  An ancient zyme (Abyss:1)
  32 jumping spiders
  13 blink frogs
  Sonja (D:16)
  16 trolls
  A blink frog (shapeshifter) (D:18)
  A hydra skeleton (D:13)
  An alligator zombie (Crypt:1)
  A moth of wrath zombie (Crypt:1)
  41 slime creatures
  9 boulder beetles
  20 two-headed ogres
  19 snapping turtles
  13 trapdoor spiders
  A grizzly bear (Lair:6)
  142 ugly things
  2 basilisks
  An ettin zombie (D:22)
  2 stone giant simulacra
  A baby alligator (Lair:5)
  16 sharks
  A shapeshifter (D:16)
  12 water elementals
  2 ynoxinuls
  4 shadows
  26 starcursed masses (Abyss:1)
  36 air elementals (WizLab)
  23 deep elf magi
  3 ettin skeletons
  2 vampires
  A dragon skeleton (D:15)
  23 tarantellas
  2 chaos spawn
  63 yaks
  A fire elemental (D:15)
  5 hogs (D:15)
  A tarantella (shapeshifter) (D:19)
  40 redbacks
  A trapdoor spider (shapeshifter) (D:13)
  7 wraiths
  Eustachio (D:7)
  A clay golem (D:17)
  2 elephant slugs
  2 hill giant zombies
  A wyvern (Lair:7)
  36 deep elf fighters
  2 neqoxecs (Abyss:1)
  49 merfolk
  Grum (D:9)
  38 wolves
  A steam dragon (Lair:5)
  A hill giant skeleton (D:14)
  7 hungry ghosts
  16 hippogriffs
  30 vampire mosquitoes
  A merfolk (shapeshifter) (D:19)
  7 rock worms
  18 manticores
  5 mottled dragons
  3 soldier ants
  A manticore (shapeshifter) (Vaults:4)
  3 deep troll zombies
  A necrophage (D:5)
  An orange crystal statue (D:20)
  A hydra simulacrum (D:11)
  2 deep troll skeletons
  7 hell hounds
  53 orc warriors
  2 yellow wasps
  4 freezing wraiths
  10 porcupines
  10 ice beasts
  2 phantoms
  2 sky beasts
  2 swamp drakes (Lair:5)
  2 kobold demonologists
  A boring beetle (shapeshifter) (Vaults:4)
  35 centaurs
  2 black bears
  38 ogres
  4 tengu (Abyss:1)
  6 giant goldfish
  4 boring beetles
  8 wargs
  15 big kobolds
  A crocodile (shapeshifter) (D:13)
  11 crocodiles
  A rotting devil (Elf:3)
  13 giant frogs
  11 giant slugs
  A komodo dragon zombie (D:13)
  3 brain worms
  11 water moccasins
  A yaktaur zombie (Vaults:3)
  A giant slug zombie (D:14)
  A gnoll sergeant (Orc:4)
  2 manticore zombies
  12 agate snails
  A yaktaur skeleton (D:17)
  2 glowing shapeshifter simulacra
  A cyclops zombie (D:15)
  3 eyes of draining
  2 yak zombies
  A boulder beetle zombie (D:22)
  A hippogriff zombie (D:9)
  5 wights
  7 jellies
  A hippogriff skeleton (D:9)
  2 troll skeletons
  12 killer bees
  25 jellyfish
  24 crimson imps
  3 goliath beetles
  14 electric eels
  A giant frog zombie (D:7)
  2 quasits
  A water moccasin zombie (D:6)
  40 spiders
  5 hounds
  A centaur skeleton (D:11)
  3 iron imps
  7 orange rats
  A water moccasin skeleton (D:8)
  28 orc wizards
  8 scorpions
  A shapeshifter simulacrum (D:17)
  25 orc priests
  A boulder beetle simulacrum (D:15)
  12 big fish
  2 spectral orcs (D:13)
  A two-headed ogre skeleton (D:11)
  14 worker ants
  36 sheep
  A yak simulacrum (D:11)
  10 iguanas
  Ijyb (D:2)
  A big kobold zombie (D:11)
  4 boggarts (D:22)
  3 mummies
  26 adders
  10 gnolls
  A lemure (Orc:3)
  A worker ant zombie (D:11)
  56 green rats
  A shadow imp (Orc:3)
  2 giant mites
  An inept feature mimic (Orc:3)
  2 giant centipedes (D:13)
  9 white imps
  A goliath beetle zombie (D:8)
  8 worms
  26 ufetubi
  2 adder zombies
  12 human skeletons (Vaults:3)
  A grey rat (D:7)
  A giant eyeball (D:8)
  12 giant geckos
  3 oozes
  147 orcs
  4 ball pythons
  11 giant cockroaches
  13 goblins
  21 hobgoblins
  26 jackals
  58 kobolds
  14 quokkas
  30 bats
  8 giant newts
  A giant spore (D:6)
  3 gnoll skeletons (Ossuary)
  7 gnoll zombies
  7 goblin zombies (Ossuary)
  4 hobgoblin skeletons (Ossuary)
  3 hobgoblin zombies
  2 illusory rakshasas (Abyss:1)
  4 kobold skeletons
  3 kobold zombies (Ossuary)
  3 orc skeletons
  4 orc zombies
  20 rats
  8 rat skeletons
  2 rat zombies (Ossuary)
  4 ballistomycetes
  2 bushes (D:14)
  3 crawling corpses
  14 fungi
  14 plants
  A tentacle (Shoals:4)
2739 creatures vanquished.

Vanquished Creatures (others)
  Nikola (D:17)
  The ghost of nago the Slingshot, a mighty HaWn of Trog (Elf:2)
  An emperor scorpion (Spider:5)
  A hydra (D:15)
  An ogre mage (D:20)
  2 humans (D:15)
  A hill giant (D:20)
  An orb spider (Spider:5)
  2 demonic crawlers
  A jumping spider (Spider:5)
  2 two-headed ogres (D:20)
  3 redbacks (Spider:5)
  A deep elf mage (Vaults:4)
  A merfolk (Shoals:5)
  2 deep elf fighters
  Menkaure (Ossuary)
  A swamp drake (Lair:5)
  3 ogres (D:20)
  4 wights (D:14)
  2 jellies (D:19)
  4 sheep (D:20)
  A boggart (D:22)
  A mummy (Ossuary)
  3 green rats (Lair:2)
  A lemure (Elf:3)
  A shadow imp (Elf:3)
  An orc (D:20)
  A bat (D:4)
  2 giant spores
  A goblin skeleton (Ossuary)
  A goblin zombie (Ossuary)
  A hobgoblin skeleton (Ossuary)
  A hobgoblin zombie (Ossuary)
  4 orc skeletons (Ossuary)
  An orc zombie (Ossuary)
  A rat zombie (Ossuary)
  2 fungi
  12 plants
  2 starspawn tentacles (Abyss:1)
  26 tentacles
  760 tentacle segments
859 creatures vanquished.

Grand Total: 3598 creatures vanquished

Notes
Turn   | Place    | Note
--------------------------------------------------------------
     0 | D:1      | Lilouch, the Gargoyle Fighter, began the quest for the Orb.
     0 | D:1      | Reached XP level 1. HP: 14/14 MP: 0/0
    92 | D:1      | Reached XP level 2. HP: 19/19 MP: 1/1
   448 | D:1      | Reached XP level 3. HP: 17/24 MP: 2/2
  1037 | D:2      | Reached XP level 4. HP: 26/28 MP: 3/3
  1090 | D:2      | Reached skill level 4 in Shields
  1226 | D:2      | Noticed Ijyb
  1245 | D:2      | Killed Ijyb
  1370 | D:2      | Found a sparkling altar of Nemelex Xobeh.
  1641 | D:3      | Reached XP level 5. HP: 33/33 MP: 4/4
  2866 | D:4      | Reached skill level 5 in Maces & Flails
  3129 | D:4      | Reached XP level 6. HP: 17/38 MP: 5/5
  3143 | D:4      | Reached skill level 5 in Shields
  3185 | D:4      | Reached XP level 7. HP: 17/42 MP: 6/6
  3205 | D:5      | Entered Level 5 of the Dungeon
  3368 | D:5      | Reached skill level 6 in Maces & Flails
  3368 | D:5      | Reached skill level 5 in Armour
  3389 | D:5      | Found Lubal's General Store.
  3458 | D:5      | Bought a scroll of teleportation for 33 gold pieces
  3458 | D:5      | Bought a scroll of random uselessness for 11 gold pieces
  3458 | D:5      | Bought a scroll of enchant weapon I for 60 gold pieces
  3480 | D:5      | Found a sand-covered staircase.
  3503 | Ossuary  | Entered an ossuary
  3755 | Ossuary  | Killed Menkaure
  3981 | D:5      | Found Aqotusti's Book Shoppe.
  4470 | D:5      | Found Guwkife's Weapon Emporium.
  4570 | D:5      | Found Strack's Magic Scroll Shop.
  4574 | D:5      | Bought a scroll of identify for 24 gold pieces
  4574 | D:5      | Bought a scroll of identify for 24 gold pieces
  4574 | D:5      | Bought a scroll of remove curse for 36 gold pieces
  4574 | D:5      | Bought a scroll of blinking for 66 gold pieces
  4590 | D:5      | Found Kecluph's Gadget Shop.
  4610 | D:5      | Reached skill level 7 in Maces & Flails
  4732 | D:5      | Reached XP level 8. HP: 48/48 MP: 7/7
  4855 | D:6      | Found a staircase to the Ecumenical Temple.
  4866 | Temple   | Entered the Ecumenical Temple
  4972 | Temple   | Became a worshipper of Warmaster Okawaru
  5260 | D:6      | Reached skill level 8 in Maces & Flails
  5816 | D:6      | HP: 2/48 [orc warrior/orcish trident (12)]
  5819 | D:6      | Reached XP level 9. HP: 26/52 MP: 8/8
  5995 | D:6      | Reached skill level 9 in Maces & Flails
  6225 | D:6      | Acquired Okawaru's first power
  6978 | D:7      | Noticed Eustachio
  7037 | D:7      | Killed Eustachio
  7579 | D:8      | Reached skill level 10 in Maces & Flails
  8043 | D:8      | Learned a level 1 spell: Pain
  8154 | D:8      | Found a staircase to the Lair.
  8158 | D:8      | Noticed a komodo dragon
  8171 | D:8      | Killed a komodo dragon
  8171 | D:8      | Reached XP level 10. HP: 30/57 MP: 9/9
  8205 | Lair:1   | Entered Level 1 of the Lair of Beasts
  8303 | Lair:1   | Reached skill level 11 in Maces & Flails
  8530 | Lair:1   | Learned a level 1 spell: Animate Skeleton
  8942 | Lair:1   | Reached skill level 12 in Maces & Flails
  9082 | Lair:1   | Got a smoking ring mail
  9826 | Lair:2   | Reached XP level 11. HP: 32/61 MP: 10/10
  9836 | Lair:2   | Acquired Okawaru's second power
  9989 | Lair:2   | Noticed Harold
 10010 | Lair:2   | Killed Harold
 10010 | Lair:2   | Reached skill level 10 in Shields
 10243 | Lair:2   | Reached skill level 13 in Maces & Flails
 10243 | Lair:2   | Reached skill level 10 in Armour
 10823 | Lair:3   | Received a gift from Okawaru
 10945 | Lair:3   | Found a hole to the Spider Nest.
 11087 | Lair:3   | Noticed a four-headed hydra
 11100 | Lair:3   | Killed a four-headed hydra
 12050 | Lair:3   | Reached skill level 14 in Maces & Flails
 12410 | Lair:4   | Reached XP level 12. HP: 66/68 MP: 11/11
 12456 | Lair:4   | Reached skill level 5 in Fighting
 12836 | Lair:4   | Received a gift from Okawaru
 13098 | Lair:4   | Noticed a death yak
 13099 | Lair:4   | Noticed a death yak
 13100 | Lair:4   | Noticed a death yak
 13101 | Lair:4   | Noticed a death yak
 13124 | Lair:4   | Noticed a death yak
 13137 | Lair:4   | Killed a death yak
 13145 | Lair:4   | Killed a death yak
 13159 | Lair:4   | Killed a death yak
 13172 | Lair:4   | Killed a death yak
 13465 | Lair:4   | Killed a death yak
 14088 | Lair:5   | Reached XP level 13. HP: 73/77 MP: 12/12
 14581 | Lair:5   | Received a gift from Okawaru
 14590 | Lair:5   | Found a staircase to the Swamp.
 14621 | Lair:5   | Noticed a six-headed hydra
 14633 | Lair:5   | Killed a six-headed hydra
 14641 | Lair:5   | the staircase to the Swamp was a mimic.
 15004 | Lair:6   | Found a staircase to the Shoals.
 15014 | Shoals:1 | Entered Level 1 of the Shoals
 16216 | Lair:7   | Found a viscous altar of Jiyva.
 16217 | Lair:7   | Found a staircase to the Slime Pits.
 16973 | Lair:1   | Paralysed by a potion of paralysis for 7 turns
 16993 | Lair:1   | Gained mutation: You possess an exceptional clarity of mind. [potion of mutation]
 16993 | Lair:1   | Gained mutation: Armour fits poorly on your strangely shaped body. [potion of mutation]
 16993 | Lair:1   | Gained mutation: Your vision is a little blurry. [potion of mutation]
 17204 | Lair:8   | Entered Level 8 of the Lair of Beasts
 18367 | Lair:8   | Received a gift from Okawaru
 18373 | Lair:8   | Got a bloodstained helmet {god gift}
 18377 | Lair:8   | Identified the +1 helmet "Ingue" {Dex-2} (Okawaru gifted it to you on level 8 of the Lair of Beasts)
 18513 | Lair:8   | Noticed a dire elephant
 18513 | Lair:8   | Noticed a dire elephant
 18540 | Lair:8   | Killed a dire elephant
 18540 | Lair:8   | Gained mutation: Your wings are large and strong. [gargoyle growth]
 18540 | Lair:8   | Reached XP level 14. HP: 33/85 MP: 13/13
 18569 | Lair:8   | Killed a dire elephant
 18575 | Lair:8   | Noticed a dire elephant
 18594 | Lair:8   | Got an iridescent great mace
 18853 | Lair:8   | Killed a dire elephant
 19001 | Lair:8   | Noticed a dire elephant
 19037 | Lair:8   | Noticed a dire elephant
 19043 | Lair:8   | Killed a dire elephant
 19043 | Lair:8   | Reached skill level 10 in Fighting
 19043 | Lair:8   | Reached skill level 15 in Maces & Flails
 19069 | Lair:8   | Killed a dire elephant
 19920 | D:9      | Noticed Joseph
 19937 | D:9      | Killed Joseph
 20314 | D:9      | Found a glowing golden altar of the Shining One.
 20409 | D:9      | Noticed Grum
 20420 | D:9      | Killed Grum
 20547 | D:9      | Found a staircase to the Orcish Mines.
 20698 | D:10     | Entered Level 10 of the Dungeon
 20948 | D:10     | Noticed Maurice
 21372 | D:10     | Found a gateway to a ziggurat.
 21437 | D:10     | Gained mutation: You occasionally shout uncontrollably. [potion of mutation]
 21437 | D:10     | Lost mutation: You occasionally shout uncontrollably. [potion of mutation]
 21437 | D:10     | Gained mutation: You can spit poison. [potion of mutation]
 21621 | D:10     | Killed Maurice
 22977 | D:11     | Noticed Erica
 22996 | D:11     | Killed Erica
 22996 | D:11     | Received a gift from Okawaru
 23390 | D:11     | Noticed Josephine
 23687 | D:12     | Killed Josephine
 24054 | D:11     | Noticed Nessos
 24102 | D:11     | Killed Nessos
 24792 | D:11     | Reached skill level 15 in Armour
 26120 | D:13     | Received a gift from Okawaru
 26125 | D:13     | Noticed a tentacled monstrosity
 26126 | D:13     | Noticed a stone giant
 26543 | D:13     | Gained mutation: You are partially covered in large bone plates (AC +2, SH +2). [mutagenic meat]
 26544 | D:13     | Gained mutation: Your body is slowly deteriorating. [mutagenic meat]
 26626 | D:13     | Noticed Nergalle
 26646 | D:13     | Killed Nergalle
 26751 | D:13     | Found Roapnya's Food Shoppe.
 26876 | D:13     | Noticed Psyche
 26883 | D:13     | Killed Psyche
 26976 | D:14     | Entered Level 14 of the Dungeon
 27089 | D:13     | Reached XP level 15. HP: 92/92 MP: 14/14
 27259 | D:13     | Lost mutation: Your vision is a little blurry. [mutagenic meat]
 27262 | D:13     | Gained mutation: Your spells are a little harder to cast, but a little more powerful. [mutagenic meat]
 27263 | D:13     | Gained mutation: Your magical capacity is low (-10% MP). [mutagenic meat]
 27264 | D:13     | Gained mutation: Your muscles are strong. (Str +2) [mutagenic meat]
 27265 | D:13     | Lost mutation: Your muscles are strong. (Str +2) [mutagenic meat]
 27266 | D:13     | Gained mutation: You need consume almost no food. [mutagenic meat]
 28352 | D:13     | Reached skill level 16 in Armour
 28934 | D:14     | Noticed Roxanne
 28986 | D:14     | Noticed Urug
 29017 | D:14     | Killed Urug
 29290 | D:14     | Noticed Agnes
 29310 | D:14     | Killed Agnes
 29341 | D:14     | Received a gift from Okawaru
 29966 | D:15     | Entered Level 15 of the Dungeon
 30217 | D:15     | Noticed Kirke
 30577 | D:15     | Killed Kirke
 31048 | D:15     | Gained mutation: Your vision is a little blurry. [mutagenic meat]
 31214 | D:15     | Noticed Azrael
 31270 | D:15     | HP: 1/93 [Azrael/blast of hellfire (28)]
 31745 | D:16     | Noticed Sonja
 31941 | D:16     | Killed Sonja
 32315 | D:16     | Noticed Maud
 32348 | D:16     | Killed Maud
 32406 | D:16     | Gained mutation: Your flesh is cold resistant. [mutagenic meat]
 32620 | D:16     | Reached skill level 17 in Armour
 32620 | D:16     | Reached XP level 16. HP: 94/100 MP: 13/13
 32773 | D:16     | Received a gift from Okawaru
 33732 | Lair:1   | Upgraded the game from 0.13.0-3-g966e3ec to 0.13.0-5-g7e31f0a
 33847 | Orc:1    | Entered Level 1 of the Orcish Mines
 34001 | Orc:2    | Found a roughly hewn altar of Beogh.
 34113 | Orc:3    | Found Wearr's Armour Boutique.
 34281 | Orc:3    | Found a staircase to the Elven Halls.
 34306 | Orc:3    | the staircase to the Elven Halls was a mimic.
 35048 | Orc:3    | Found a roughly hewn altar of Beogh.
 35301 | Orc:4    | Entered Level 4 of the Orcish Mines
 35301 | Orc:4    | Found Itoul's Antique Armour Shoppe.
 35716 | Orc:4    | Found Ulemao's Jewellery Shoppe.
 35760 | Orc:4    | Found a frozen archway.
 35885 | IceCv    | Entered an ice cave
 36358 | IceCv    | Reached skill level 15 in Shields
 36363 | IceCv    | Received a gift from Okawaru
 36903 | Orc:4    | Found a staircase to the Elven Halls.
 36910 | Orc:4    | Noticed Zifmia's ghost (powerful MfSk)
 36955 | Orc:4    | Killed Zifmia's ghost
 37135 | Orc:4    | Found Yfruc's General Store.
 37168 | Orc:4    | Bought 6 curare-tipped needles for 61 gold pieces
 37168 | Orc:4    | Bought a scroll of identify for 34 gold pieces
 37168 | Orc:4    | Bought a scroll of blinking for 93 gold pieces
 37190 | Orc:4    | Found Esilaf's Antique Weapon Emporium.
 38018 | Lair:1   | Learned a level 3 spell: Regeneration
 38057 | Lair:1   | Upgraded the game from 0.13.0-5-g7e31f0a to 0.13.0-6-g40e4d2d
 38504 | Spider:1 | Entered Level 1 of the Spider Nest
 38791 | Spider:1 | Noticed Snorg
 38807 | Spider:1 | Killed Snorg
 39709 | Spider:2 | Noticed Arachne
 39756 | Spider:2 | Killed Arachne
 40151 | Lair:1   | Lost mutation: You possess an exceptional clarity of mind. [potion of cure mutation]
 40151 | Lair:1   | Lost mutation: Your vision is a little blurry. [potion of cure mutation]
 40151 | Lair:1   | Lost mutation: Your magical capacity is low (-10% MP). [potion of cure mutation]
 40151 | Lair:1   | Lost mutation: You can spit poison. [potion of cure mutation]
 40151 | Lair:1   | Lost mutation: Armour fits poorly on your strangely shaped body. [potion of cure mutation]
 40181 | Lair:1   | Identified a scroll of acquirement
 40463 | Lair:1   | Lost mutation: Your spells are a little harder to cast, but a little more powerful. [potion of cure mutation]
 40463 | Lair:1   | Lost mutation: You are partially covered in large bone plates (AC +2, SH +2). [potion of cure mutation]
 40463 | Lair:1   | Lost mutation: Your body is slowly deteriorating. [potion of cure mutation]
 40463 | Lair:1   | Lost mutation: You need consume almost no food. [potion of cure mutation]
 40463 | Lair:1   | Lost mutation: Your flesh is cold resistant. [potion of cure mutation]
 40515 | Lair:1   | Identified the +1 ring mail of Axkanaoc {rF+} (You found it on level 1 of the Lair of Beasts)
 41047 | Shoals:1 | Received a gift from Okawaru
 41616 | Shoals:1 | Reached XP level 17. HP: 86/108 MP: 16/16
 41813 | Shoals:2 | Found Qawaawna's Distillery.
 41967 | Shoals:2 | Bought a potion of curing for 26 gold pieces
 41967 | Shoals:2 | Bought a potion of heal wounds for 39 gold pieces
 41967 | Shoals:2 | Bought a potion of curing for 26 gold pieces
 41967 | Shoals:2 | Bought a potion of curing for 26 gold pieces
 42021 | Shoals:2 | Reached skill level 18 in Armour
 43236 | Shoals:3 | Reached skill level 15 in Fighting
 43427 | Shoals:3 | Found a glowing golden altar of the Shining One.
 43895 | Shoals:4 | Noticed Wiglaf
 43920 | Shoals:4 | Noticed Rupert
 44545 | Shoals:4 | Killed Wiglaf
 44899 | Shoals:4 | Killed Rupert
 45812 | Shoals:5 | Entered Level 5 of the Shoals
 46024 | Shoals:5 | Got a brightly glowing scimitar
 46025 | Shoals:5 | Identified the scimitar of Drought {slice, Str+1} (You found it on level 5 of the Shoals)
 46199 | Shoals:5 | Received a gift from Okawaru
 46480 | Shoals:5 | Got a bloodstained falchion
 46643 | Shoals:5 | Reached XP level 18. HP: 103/119 MP: 17/17
 47116 | Shoals:4 | Reached skill level 19 in Armour
 47422 | Shoals:5 | Noticed Ilsuiw
 47434 | Shoals:4 | Received a gift from Okawaru
 47440 | Shoals:4 | Got a distressingly furry robe {god gift}
 47884 | Lair:1   | Identified the +0 robe of Pessimism {rPois Int+1} (Okawaru gifted it to you on level 4 of the Shoals)
 47927 | Lair:1   | Identified the falchion of Zatutiast {slice, rPois rC+} (You found it on level 5 of the Shoals)
 48430 | Shoals:5 | Killed Ilsuiw
 49390 | Shoals:5 | Got a barnacled rune of Zot
 50879 | Spider:3 | Got a steaming great sword
 51397 | Spider:3 | Received a gift from Okawaru
 51966 | Spider:4 | Noticed Norris
 51995 | Spider:4 | Killed Norris
 52724 | Spider:5 | Entered Level 5 of the Spider Nest
 53016 | Spider:5 | Reached XP level 19. HP: 105/128 MP: 18/18
 53236 | Spider:5 | Reached skill level 20 in Armour
 53745 | Spider:5 | Got a gossamer rune of Zot
 54380 | Lair:1   | Identified the cursed great sword of Equilibrium {pain, Dex-3} (You found it on level 3 of the Spider Nest)
 55089 | D:15     | Gained mutation: You are resistant to hostile enchantments. [mutagenic meat]
 56914 | D:16     | Gained mutation: You are clumsy. (Dex -2) [mutagenic meat]
 56915 | D:16     | Gained mutation: Armour fits poorly on your strangely shaped body. [mutagenic meat]
 56916 | D:16     | Gained mutation: You digest meat inefficiently. [mutagenic meat]
 56917 | D:16     | Gained mutation: You are frail (-10% HP). [mutagenic meat]
 56918 | D:16     | Gained mutation: You have a pair of small horns on your head. [mutagenic meat]
 57161 | Lair:1   | Lost mutation: Armour fits poorly on your strangely shaped body. [potion of cure mutation]
 57161 | Lair:1   | Lost mutation: You digest meat inefficiently. [potion of cure mutation]
 57161 | Lair:1   | Lost mutation: You are resistant to hostile enchantments. [potion of cure mutation]
 57161 | Lair:1   | Lost mutation: You have a pair of small horns on your head. [potion of cure mutation]
 57161 | Lair:1   | Lost mutation: You are frail (-10% HP). [potion of cure mutation]
 57669 | D:15     | Killed Azrael
 58071 | D:17     | Noticed Nikola
 58091 | D:17     | Killed Nikola
 58598 | D:17     | Noticed Jorgrun
 58631 | D:17     | Killed Jorgrun
 58795 | D:17     | Found Hugrisop's Antique Armour Boutique.
 58802 | D:17     | Bought a twisted shield for 304 gold pieces
 58814 | D:17     | Identified the +4 shield "Kufeit" {+Blink Str+2 Stlth++} (You bought it in a shop on level 17 of the Dungeon)
 58814 | D:17     | Bought a cloak for 32 gold pieces
 58827 | D:17     | Bought a pair of elven boots for 57 gold pieces
 59417 | D:18     | Received a gift from Okawaru
 59420 | D:18     | Got a crude dire flail {god gift}
 59782 | Lair:1   | Identified the dire flail "Briafawa" {god gift, freeze, rElec rN+ Str+3} (Okawaru gifted it to you on level 18 of the Dungeon)
 60856 | D:19     | Gained mutation: You have a pair of small horns on your head. [mutagenic meat]
 60857 | D:19     | Gained mutation: You possess an exceptional clarity of mind. [mutagenic meat]
 60858 | D:19     | Gained mutation: You have supernaturally acute eyesight. [mutagenic meat]
 61043 | D:19     | Lost mutation: You are clumsy. (Dex -2) [mutagenic meat]
 61044 | D:19     | Gained mutation: You are frail (-10% HP). [mutagenic meat]
 61181 | D:19     | Found a staircase to the Vaults.
 61352 | D:19     | Found a viscous altar of Jiyva.
 61661 | D:19     | Gained mutation: You are clumsy. (Dex -2) [mutagenic meat]
 61662 | D:19     | Gained mutation: Your mind is acute. (Int +2) [mutagenic meat]
 61746 | D:20     | Entered Level 20 of the Dungeon
 62136 | D:20     | Gained mutation: Your spells are a little harder to cast, but a little more powerful. [mutagenic meat]
 62137 | D:20     | Gained mutation: You are partially covered in molten scales (AC +1). [mutagenic meat]
 62182 | D:20     | Noticed Xtahua
 62208 | D:20     | Killed Xtahua
 62599 | D:20     | Noticed Mara
 62600 | D:20     | Noticed Mara
 62662 | D:19     | Noticed Lilouch's illusion
 62743 | D:18     | Killed Lilouch's illusion
 63012 | D:19     | Noticed Mara
 63012 | D:19     | Noticed Mara
 63162 | D:19     | Killed Mara
 63443 | D:20     | Reached XP level 20. HP: 122/125 MP: 4/18
 63717 | D:20     | Lost intelligence.
 63750 | D:20     | Got a warped hand axe
 63777 | D:20     | Got a bone quarterstaff
 65328 | D:20     | Received a gift from Okawaru
 66131 | Lair:1   | Identified the cursed quarterstaff of the Hero {venom, rElec rN+ MR+} (You found it on level 20 of the Dungeon)
 66544 | D:17     | Reached skill level 21 in Fighting
 67055 | D:21     | Lost mutation: You have supernaturally acute eyesight. [mutagenic meat]
 67057 | D:21     | Gained mutation: Your flesh is heat resistant. [mutagenic meat]
 67058 | D:21     | Gained mutation: Your body is slowly deteriorating. [mutagenic meat]
 67059 | D:21     | Gained mutation: Your flesh is very heat resistant. [mutagenic meat]
 67061 | D:21     | Lost mutation: You possess an exceptional clarity of mind. [mutagenic meat]
 67379 | Lair:1   | Lost mutation: You are clumsy. (Dex -2) [potion of cure mutation]
 67379 | Lair:1   | Lost mutation: Your spells are a little harder to cast, but a little more powerful. [potion of cure mutation]
 67379 | Lair:1   | Lost mutation: Your body is slowly deteriorating. [potion of cure mutation]
 67916 | D:21     | Found Juuhux's Book Shop.
 68202 | D:21     | Found a gateway to Hell.
 68289 | D:21     | Got a ruby-encrusted ring mail
 68708 | D:22     | Found a one-way gate to the infinite horrors of the Abyss.
 69058 | D:22     | Noticed Saint Roka
 69093 | D:22     | Killed Saint Roka
 69211 | D:22     | Received a gift from Okawaru
 69933 | Lair:1   | Identified the cursed -2 ring mail of the Four Realms {rElec MR++ Dex+3} (You found it on level 21 of the Dungeon)
 70511 | D:22     | Found a one-way gate leading to the halls of Pandemonium.
 70630 | D:22     | Found a portal to a secret trove of treasure.
 70631 | D:22     | the portal to a secret trove of treasure was a mimic.
 70736 | D:22     | Reached skill level 22 in Fighting
 71205 | Lair:1   | Lost mutation: You are partially covered in molten scales (AC +1). [helix card]
 71790 | D:23     | Reached skill level 1 in Short Blades
 71823 | D:23     | Gained mutation: You are very frail (-20% HP). [mutagenic meat]
 71824 | D:23     | Lost mutation: Your flesh is very heat resistant. [mutagenic meat]
 71825 | D:23     | Lost mutation: You are very frail (-20% HP). [mutagenic meat]
 71826 | D:23     | Gained mutation: You are very frail (-20% HP). [mutagenic meat]
 71827 | D:23     | Gained mutation: Your vision is a little blurry. [mutagenic meat]
 72163 | Lair:1   | Lost mutation: You are very frail (-20% HP). [potion of cure mutation]
 72163 | Lair:1   | Lost mutation: Your mind is acute. (Int +2) [potion of cure mutation]
 72163 | Lair:1   | Lost mutation: Your flesh is heat resistant. [potion of cure mutation]
 72163 | Lair:1   | Lost mutation: You are frail (-10% HP). [potion of cure mutation]
 72351 | Elf:1    | Entered Level 1 of the Elven Halls
 72366 | Elf:1    | Got a slimy plate armour
 72865 | Elf:1    | Reached skill level 1 in Stealth
 73105 | Elf:1    | Got an ichor-stained flail
 73501 | Elf:2    | Reached XP level 21. HP: 148/148 MP: 19/19
 73621 | Elf:2    | Noticed nago's ghost (mighty HaWn)
 73685 | Elf:2    | Killed nago's ghost
 73887 | Elf:2    | Received a gift from Okawaru
 73910 | Elf:2    | Identified the +9,+7 flail "Wueveahi" {crush, rElec SInv} (You took it off a deep elf conjurer on level 1 of the Elven Halls)
 74262 | Lair:1   | Identified the +10 plate armour of Dawn {Str+1 Dex+4} (You found it on level 1 of the Elven Halls)
 75074 | Elf:2    | Noticed Frances
 75090 | Elf:2    | Killed Frances
 75469 | Elf:2    | Found a magical portal.
 75478 | WizLab   | Entered a wizard's laboratory
 76078 | WizLab   | Identified the Almanac of the Excruciating Birds
 76088 | WizLab   | Identified the Catalogue of Hurtful Lightness
 76703 | Elf:3    | Entered Level 3 of the Elven Halls
 76723 | Elf:3    | Found Edauxzog's Magic Scroll Shoppe.
 76734 | Elf:3    | Bought a scroll of enchant weapon II for 60 gold pieces
 76943 | Elf:3    | Found Irhaazi's Assorted Antiques.
 76953 | Elf:3    | Bought a potion of speed for 110 gold pieces
 76953 | Elf:3    | Bought a thick lapis lazuli amulet for 500 gold pieces
 77051 | Elf:3    | Found Smim's Gadget Emporium.
 77059 | Elf:3    | Bought a plain deck of escape for 420 gold pieces
 77196 | Elf:3    | Found Sucih's Assorted Antiques.
 78357 | Elf:3    | Cast into the Abyss (deep elf sorcerer)
 78367 | Abyss:1  | Found a corrupted altar of Lugonu.
 78473 | Elf:3    | Escaped the Abyss
 78495 | Elf:3    | HP: 6/149 [Executioner[a deep elf demonologist] (5)]
 79182 | Vaults:1 | Entered Level 1 of the Vaults
 79785 | Vaults:1 | Gained mutation: You have an increased reservoir of magic (+10% MP). [mutagenic meat]
 80047 | Vaults:1 | Lost mutation: You have an increased reservoir of magic (+10% MP). [mutagenic meat]
 80048 | Vaults:1 | Gained mutation: You can spit poison. [mutagenic meat]
 80049 | Vaults:1 | Gained mutation: You are agile. (Dex +2) [mutagenic meat]
 80050 | Vaults:1 | Gained mutation: You are robust (+10% HP). [mutagenic meat]
 81656 | Vaults:2 | Reached skill level 23 in Fighting
 82506 | Vaults:2 | Found a staircase to the Crypt.
 82545 | Crypt:1  | Entered Level 1 of the Crypt
 82879 | Vaults:3 | Reached XP level 22. HP: 172/172 MP: 20/20
 83241 | Vaults:3 | Paralysed by an ogre mage for 5 turns
 84596 | Lair:1   | Learned a level 2 spell: Stoneskin
 84607 | Lair:1   | Upgraded the game from 0.13.0-6-g40e4d2d to 0.13.0-7-g3df9ff1
 85931 | Vaults:4 | Reached skill level 24 in Fighting
 85993 | Vaults:4 | Received a gift from Okawaru
 86019 | Vaults:4 | Lost mutation: You are robust (+10% HP). [mutagenic meat]
 86020 | Vaults:4 | Gained mutation: Your flesh is cold resistant. [mutagenic meat]
 86034 | Vaults:4 | Gained mutation: Your body is slowly deteriorating. [mutagenic meat]
 86035 | Vaults:4 | Gained mutation: Your magical capacity is low (-10% MP). [mutagenic meat]
 86037 | Vaults:4 | Lost mutation: Your body is slowly deteriorating. [mutagenic meat]
 86053 | Vaults:4 | Found Letemaff's Magic Scroll Boutique.
 86078 | Vaults:4 | Bought a scroll of enchant weapon I for 82 gold pieces
 86078 | Vaults:4 | Bought a scroll of enchant armour for 82 gold pieces
 86078 | Vaults:4 | Bought a scroll of teleportation for 45 gold pieces
 86078 | Vaults:4 | Bought a scroll of teleportation for 45 gold pieces
 86556 | Vaults:4 | Noticed Aizul
 86581 | Vaults:4 | Killed Aizul
 86861 | Vaults:4 | Found a staircase to the Hall of Blades.
 87076 | Blade    | Entered the Hall of Blades
 87169 | Blade    | Cast into the Abyss (elven long sword of distortion)
 87623 | Abyss:1  | Paralysed by accursed screaming for 1 turns
 87636 | Abyss:1  | Paralysed by accursed screaming for 2 turns
 87649 | Abyss:1  | Paralysed by accursed screaming for 1 turns
 87903 | Abyss:1  | HP: 2/161 [grey draconian scorcher/blast of hellfire (35)]
 88200 | Abyss:1  | Reached XP level 23. HP: 46/168 MP: 18/18
 88364 | Blade    | Escaped the Abyss
 88852 | Vaults:4 | Reached skill level 25 in Fighting
 88867 | Vaults:4 | Gained mutation: You need consume almost no food. [mutagenic meat]
 88868 | Vaults:4 | Gained mutation: Your mind is acute. (Int +2) [mutagenic meat]
 88869 | Vaults:4 | Gained mutation: You are partially covered in icy blue scales (AC +1). [mutagenic meat]
 90619 | Blade    | Reached skill level 1 in Invocations
 91785 | Vaults:5 | Entered Level 5 of the Vaults
 92013 | Vaults:1 | Gained mutation: You possess an exceptional clarity of mind. [mutagenic meat]
 92416 | D:23     | Found a sparkling altar of Nemelex Xobeh.
 92807 | D:23     | Killed from afar by a fire giant

Action                   |  1- 3 |  4- 6 |  7- 9 | 10-12 | 13-15 | 16-18 | 19-21 | 22-24 || total
-------------------------+-------+-------+-------+-------+-------+-------+-------+-------++-------
Melee: Mace              |    96 |   199 |   399 |       |       |       |       |       ||   694
       Flail             |       |       |   289 |   558 |  2843 |   382 |  1218 |  1106 ||  6396
       Morningstar       |       |       |   133 |   469 |       |       |       |       ||   602
       Scimitar          |       |       |       |       |     2 |       |       |       ||     2
       Unarmed           |       |       |       |       |     8 |     8 |       |       ||    16
       Demon whip        |       |       |       |       |       |  3364 |  2819 |   319 ||  6502
       Trident           |       |       |       |       |       |     6 |       |       ||     6
 Fire: Blowgun           |       |       |    16 |       |     2 |    59 |    34 |       ||   111
Throw: Dart              |       |       |     3 |       |       |       |       |       ||     3
       Dagger            |       |       |       |       |       |     1 |       |       ||     1
Invok: Heroism           |       |       |     1 |     5 |    13 |    11 |    12 |     6 ||    48
       Finesse           |       |       |       |       |       |     1 |     3 |       ||     4
 Abil: Evoke Teleport Co |       |       |       |     1 |       |       |       |       ||     1
       Fly               |       |       |       |       |       |     2 |       |       ||     2
       Stop Flying       |       |       |       |       |       |     1 |       |       ||     1
       Evoke Blink       |       |       |       |       |       |       |       |     2 ||     2
Evoke: Wand              |       |       |     1 |       |    27 |    14 |     2 |     3 ||    47
       Miscellaneous     |       |       |       |       |       |       |     2 |       ||     2
       Deck              |       |       |       |       |       |       |    12 |       ||    12
  Use: Potion            |       |       |     2 |     1 |    18 |     8 |    19 |     4 ||    52
       Scroll            |       |       |     3 |    10 |    18 |    14 |    21 |     6 ||    72
 Stab: Paralysed         |       |       |       |       |     5 |       |       |       ||     5
       Confused          |       |       |       |       |     2 |       |       |       ||     2
       Fleeing           |       |       |       |       |       |     3 |       |       ||     3
       Distracted        |       |       |       |       |       |     1 |       |       ||     1
       Held in net/web   |       |       |       |       |       |     1 |       |       ||     1
       Invisible         |       |       |       |       |       |       |     1 |     2 ||     3
